 Dungeon Sprint DCSS version 0.31-a0-145-g046c7d2549 (webtiles) character file.

Game seed: 13219610181723424332

948 Conn the Arsonist (level 8, -3/47 HPs)
             Began as an Octopode Fire Elementalist on June 4, 2023.
             Was an Initiate of Sif Muna.
             Slain by a polar bear (17 damage)
             ... in the Dungeon (Sprint II: "The Violet Keep of Menkaure").
             The game lasted 00:05:05 (331 turns).

Conn the Arsonist (Octopode Fire Elementalist)       Turns: 331, Time: 00:05:07

Health: -3/47      AC:  1    Str:  5    XL:     8   Next: 13%
Magic:  6/19       EV: 15    Int: 20    God:    Sif Muna [......]
Gold:   19         SH:  0    Dex: 12    Spells: 12/22 levels left

rFire   . . .        (no weapon)
rCold   . . .        (no shield)
rNeg    . . .        (helmet restricted)
rPois   .            (no amulet)
rElec   .            (no ring)
rCorr   .            (no ring)
SInv    .            (no ring)
Will    .....        (no ring)
Stlth   +++++        (no ring)
HPRegen 0.27/turn    (no ring)
MPRegen 0.16/turn    (no ring)
                     (no ring)

%: no teleportation
@: unable to read
A: almost no armour, amphibious, 8 rings, camouflage 1, gelatinous body 1,
nimble swimmer 1, tentacles, weak 1, inability to read after injury 1
a: Renounce Religion


You were in the Dungeon.
You worshipped Sif Muna.
Sif Muna was noncommittal.
You visited 1 branch You collected 243 gold pieces.
You spent 224 gold pieces at shops.

Inventory:

Hand Weapons
 c - the +5 mace "Hobbe" {freeze, rF- rCorr Str+4 SInv}
   (You bought it in a shop in the Dungeon)

   Str:       It affects your strength (+4).
   rF:        It makes you vulnerable to fire.
   SInv:      It lets you see invisible.
   rCorr:     It protects you from acid and corrosion.
Scrolls
 d - a scroll of fear
 f - a scroll of blinking
Potions
 a - 3 potions of magic
 b - a potion of curing


   Skills:
 + Level 0.9 Fighting
 + Level 6.0 Dodging
 - Level 7.0 Stealth
 + Level 7.5 Spellcasting
 * Level 7.7 Conjurations
 + Level 11.6 Fire Magic


You had 12 spell levels left.
You knew the following spells:

 Your Spells              Type           Power      Damage    Failure   Level
a - Foxfire               Conj/Fire      100%       2x1d9     1%          1
b - Scorch                Fire           100%       2d9       1%          2
c - Inner Flame           Hex/Fire       30%        N/A       2%          3
d - Flame Wave            Conj/Fire      46%        2d12      1%          4

Your spell library contained the following spells:

 Spells                   Type           Power      Damage    Failure   Level
 Volatile Blastmotes      Fire/Tloc      60%        2d15      2%          3


Dungeon Overview and Level Annotations

Branches:
Dungeon (1/1)

Altars:
Cheibriados
Dithmenos
Elyvilon
Fedhas
Gozag
Hepliaklqana
Kikubaaqudgha
Makhleb
Nemelex Xobeh
Okawaru
Qazlal
Ru
Sif Muna
Trog
Uskayaw
Vehumet
Wu Jian
Xom
Yredelemnul
Zin
The Shining One
Jiyva
Lugonu

Shops:
D :(?*!:=*!=![?([

Annotations:
D exclusions: oklob plant and orange crystal statue


Innate Abilities, Weirdness & Mutations

You cannot wear most types of armour.
You are amphibious.
You can wear up to eight rings at the same time.
Your skin changes colour to match your surroundings (Stealth+).
Your rubbery body absorbs attacks. (AC +1, EV +1)
You are camouflaged when in or above water. (Stealth+)
You have tentacles for arms and can constrict up to eight enemies at once.
You are weak. (Str -2)
You occasionally lose the ability to read scrolls when taking damage.


Message History

The polar bear is heavily wounded. (Press . to intensify the flame waves.)
The polar bear is engulfed in a cloud of scalding steam.
The polar bear barely misses you. The polar bear claws you. x2
A wave of flame ripples out!
The flame wave engulfs the polar bear!
The polar bear is burned terribly!
The polar bear is almost dead.
You are engulfed in a cloud of scalding steam.
* * * LOW HITPOINT WARNING * * *
The polar bear goes berserk!
Unknown command.
A wave of flame ripples out!
The flame wave engulfs the polar bear!!
The polar bear is burned terribly!
You kill the polar bear!
Sif Muna accepts your kill.
You hear an angry growl.
You finish channelling waves of flame.
A polar bear comes into view.
Training target 7.0 for Stealth reached!
Your Dodging skill increases to level 6!
Your Stealth skill increases to level 7!
Your Spellcasting skill increases to level 7!
You have reached level 8!
Unknown command.
Okay, then.
Casting: Flame Wave (dangerous; 1% risk of failure)
Confirm with . or Enter, or press ? or * to list all spells.
Flames lash the polar bear.
The polar bear is heavily wounded.
The polar bear's fire resistance burns away.
The polar bear is engulfed in a cloud of scalding steam.
The polar bear goes berserk!
Casting: Scorch (safe; 1% risk of failure)
Confirm with . or Enter, or press ? or * to list all spells.
Flames lash the polar bear.
The polar bear is burned terribly!
The polar bear is almost dead.
The polar bear is engulfed in a cloud of scalding steam.
The polar bear bites you!
You feel threatened and lose the ability to read scrolls!
You die...

~#### +.### "▓)$$[?$!)▓▓
...# ...# ##▓?![))((?▓▓ ..##
#..# $#▓?((?([?[▓▓ #..# +^.#
y#▓))!!)$$(▓▓ #..# #..#
h#▓)$??))(?▓▓
+..####..##.#▓[![?[)?!▓▓
#....###§..##▓▓▓▓▓▓▓+▓▓▓▓
##...§..~~~~§h@~~~~~~...X≈
###~~.....~#§########+###.≈≈
#~~~~~~~..~#.._._._.#S~~#
#~~~~~~~~.~#._._._..#S§≈§#
§~~≈≈≈~~~~~#_._._._.#~§~§≈
§~~~≈§≈≈~§~#._._._._#§~~≈≈
+#~≈≈≈≈≈§≈~#.._._._.#~§~~§
##§≈§###≈≈#..._._._#§~§§≈
§≈##≈≈# #§≈#...._._.#§~§


You could see a polar bear (berserk, combustible) and 2 water moccasins.

Vanquished Creatures
  A polar bear (D)
  A blink frog (D)
  3 neqoxecs (D)
  Menkaure (D)
  A water moccasin (D)
  3 worms (D)
10 creatures vanquished.

Vanquished Creatures (others)
  18 foxfires (D)
18 creatures vanquished.

Grand Total: 28 creatures vanquished

Notes
Turn   | Place    | Note
-------+----------+-------------------------------------------
     0 | D        | Conn the Octopode Fire Elementalist began the quest for the
                  | Orb.
     0 | D        | Reached XP level 1. HP: 11/11 MP: 3/3
     1 | D        | Noticed a neqoxec
     5 | D        | Gained mutation: Your spells are a little easier to cast,
                  | but a little less powerful. [a neqoxec]
    11 | D        | Killed a neqoxec
    11 | D        | Noticed a neqoxec
    12 | D        | Reached skill level 7 in Fire Magic
    12 | D        | Reached XP level 2. HP: 8/17 MP: 4/7
    12 | D        | Reached XP level 3. HP: 10/21 MP: 4/8
    12 | D        | Reached XP level 4. HP: 13/27 MP: 5/10
    12 | D        | Reached XP level 5. HP: 15/31 MP: 5/11
    14 | D        | Lost mutation: Your spells are a little easier to cast, but
                  | a little less powerful. [a neqoxec]
    17 | D        | Killed a neqoxec
    17 | D        | Noticed a neqoxec
    18 | D        | Reached skill level 5 in Stealth
    18 | D        | Reached skill level 5 in Spellcasting
    18 | D        | Reached skill level 5 in Conjurations
    18 | D        | Reached skill level 8 in Fire Magic
    18 | D        | Reached XP level 6. HP: 6/36 MP: 5/13
    26 | D        | Learned a level 2 spell: Scorch
    28 | D        | Gained mutation: You occasionally lose the ability to read
                  | scrolls when taking damage. [a neqoxec]
    29 | D        | Gained mutation: You are weak. (Str -2) [a neqoxec]
    32 | D        | Killed a neqoxec
    33 | D        | Reached skill level 5 in Dodging
    33 | D        | Reached skill level 9 in Fire Magic
    48 | D        | Found Icloen's Jewellery Shop.
    49 | D        | Found Inink's General Store.
    49 | D        | Found Lugeal's Magic Scroll Shop.
    49 | D        | Found Caucs's Jewellery Boutique.
    50 | D        | Found Esas's Antique Armour Shop.
    50 | D        | Found Kapygus's Antique Armour Boutique.
    50 | D        | Found Zidyewnuonto's Distillery.
    58 | D        | Learned a level 3 spell: Inner Flame
    63 | D        | Learned a level 4 spell: Flame Wave
    63 | D        | Found Ihufisy's Book Boutique.
    63 | D        | Found Iduoke's Distillery.
    63 | D        | Found Keuvu's General Store.
    64 | D        | Found Numaf's Magic Scroll Shop.
    64 | D        | Found Taxt's Antique Weapon Boutique.
    64 | D        | Noticed a black bear
    65 | D        | Found Kaeran's Antique Weapon Boutique.
    65 | D        | Found Pituakk's Distillery.
    65 | D        | Noticed a black bear
    66 | D        | Noticed Menkaure
    66 | D        | Noticed a black bear
    66 | D        | Noticed an oklob plant
    71 | D        | Killed Menkaure
    72 | D        | Reached skill level 10 in Fire Magic
    72 | D        | Reached XP level 7. HP: 30/42 MP: 1/16
    72 | D        | Found Punu's Book Shoppe.
    75 | D        | Noticed an iron elemental
    76 | D        | Bought a fading mace for 176 gold pieces
    76 | D        | Identified the +5 mace "Hobbe" {freeze, rF- rCorr Str+4
                  | SInv} (You bought it in a shop in the Dungeon)
    80 | D        | Noticed a polar bear
    82 | D        | Bought a scroll of fear for 48 gold pieces
   172 | D        | Noticed a blink frog
   176 | D        | Killed a blink frog
   177 | D        | Reached skill level 11 in Fire Magic
   187 | D        | Noticed an orange crystal statue
   218 | D        | Found a hazy altar of Hepliaklqana.
   218 | D        | Found a snail-covered altar of Cheibriados.
   219 | D        | Found a stormy altar of Qazlal.
   219 | D        | Found a viscous altar of Jiyva.
   219 | D        | Found a shadowy altar of Dithmenos.
   220 | D        | Found a sacrificial altar of Ru.
   220 | D        | Found an ancient bone altar of Kikubaaqudgha.
   220 | D        | Found a white marble altar of Elyvilon.
   221 | D        | Found an ornate altar of the Wu Jian Council.
   221 | D        | Found a shimmering blue altar of Sif Muna.
   221 | D        | Found a corrupted altar of Lugonu.
   221 | D        | Found a blossoming altar of Fedhas.
   222 | D        | Found a shimmering altar of Xom.
   222 | D        | Found a bloodstained altar of Trog.
   222 | D        | Found a burning altar of Makhleb.
   223 | D        | Found a glowing golden altar of the Shining One.
   223 | D        | Found a basalt altar of Yredelemnul.
   223 | D        | Found a hide-covered altar of Uskayaw.
   225 | D        | Found a glowing silver altar of Zin.
   225 | D        | Found a radiant altar of Vehumet.
   225 | D        | Found a sparkling altar of Nemelex Xobeh.
   226 | D        | Found an opulent altar of Gozag.
   226 | D        | Found an iron altar of Okawaru.
   230 | D        | Became a worshipper of Sif Muna the Loreminder
   242 | D        | Noticed a kraken
   322 | D        | Noticed a yaktaur
   322 | D        | Noticed a hornet
   322 | D        | Noticed a polar bear
   322 | D        | Noticed a polar bear
   328 | D        | Killed a polar bear
   328 | D        | Noticed a polar bear
   329 | D        | Reached XP level 8. HP: 13/47 MP: 9/19
   331 | D        | Slain by a polar bear

Illustrated notes

Levels and vault maps discovered:
D:        the_violet_keep_of_menkaure [sprint2_stairs_cluster_1,
          sprint2_shoproom, sprint2_temple, sprint2_basic_supplies,
          sprint2_obstacle_4, sprint2_obstacle_1, sprint2_obstacle_7,
          sprint2_obstacle_2, sprint2_obstacle_5, sprint2_timed_cluster_1,
          sprint2_smallroom_cluster_1, sprint2_smallroom_final_cluster_1,
          sprint2_transparent_cluster_1, sprint2_second_timed_cluster_1,
          sprint2_sniper_area_1, sprint2_heavy_combat_area_1,
          sprint2_mutation_trap_area_1, sprint2_forest_area_1,
          sprint2_light_combat_area_1, sprint2_behind_water_1,
          sprint2_near_end_vault_1]

Skill      XL: |  1  2  3  4  5  6  7 |
---------------+----------------------+-----
Dodging        | 3 4 5 6 |  6.0
Stealth        | 4 5 6 7 |  7.0
Spellcasting   | 4 5 6 7 |  7.5
Conjurations   | 4 5 6 7 |  7.7
Fire Magic     | 7 8 10 11 | 11.6
Fighting       | |  0.9

Action                     |  1- 3 |  4- 6 |  7- 9 || total
---------------------------+-------+-------+-------++-------
  Melee: Unarmed           |     6 |     9 |       ||    15
         Tentacles         |     3 |       |       ||     3
         Constrict         |     1 |     2 |       ||     3
   Cast: Foxfire           |       |     4 |     7 ||    11
         Scorch            |       |     3 |    10 ||    13
         Flame Wave        |       |       |     1 ||     1
    Use: Potion            |     2 |     1 |       ||     3
         Scroll            |       |       |     1 ||     1
  Dodge: Dodged            |     2 |     3 |     5 ||    10

Table legend: (Time is in decaauts)
 A = Elapsed time spent in this place.
 B = Non-inter-level travel time spent in this place.
 C = Inter-level travel time spent in this place.
 D = Time resting spent in this place.
 E = Time spent auto-exploring this place.
 F = Levels seen in this place.
 G = Mean time per level.
                   A        B        C        D        E       F      G
               +--------+--------+--------+--------+--------+-----+--------+
         Total |    319 |    319 |      0 |    148 |      0 |   1 |  319.0 |
       Dungeon |    319 |    319 |      0 |    148 |      0 |   1 |  319.0 |
               +--------+--------+--------+--------+--------+-----+--------+

Top non-repeatable levels by time:
       D: 319 daAuts
